[Event "Lueneburg Open-A 2019"]
[Site "Lueneburg"]
[Date "2019.08.07"]
[Round "5.25"]
[White "Garbuszus, Juergen"]
[Black "Hesse, Juergen"]
[Result "1-0"]
[ECO "E81"]
[WhiteElo "2070"]
[BlackElo "1877"]
[Annotator "NA"]
[PlyCount "47"]
[EventDate "2019.08.03"]
[EventType "swiss"]
[EventCountry "GER"]
[SourceTitle "playchess.com"]
[Source "ChessBase"]
[SourceQuality "1"]
[TimeControl "40/5400+30:1800+30"]

1. d4 Nf6 2. c4 g6 3. Nc3 Bg7 4. e4 d6 5. f3 O-O 6. Bg5 h6 7. Be3 c6 8. Qd2 Kh7 9. g4 e5 10. d5 c5 11. g5 Ng8 12. h4 h5 13. Bd3 f5 14. gxf6 Bxf6 15. O-O-O Bxh4 16. Qg2 Bf6 17. Nge2 a6 18. Rdg1 Qe8 19. f4 Ne7 20. fxe5 Bxe5 21. Qg5 Rh8 22. Rxh5+ Kg8 23. Rxh8+ Kxh8 24. Nf4 1-0

[Event "Lueneburg Open-A 2019"]
[Site "Lueneburg"]
[Date "2019.08.07"]
[Round "5.26"]
[White "Lau, Felix"]
[Black "Serreck, Uwe"]
[Result "0-1"]
[ECO "B06"]
[WhiteElo "2044"]
[BlackElo "1869"]
[Annotator "NA"]
[PlyCount "94"]
[EventDate "2019.08.03"]
[EventType "swiss"]
[EventCountry "GER"]
[SourceTitle "playchess.com"]
[Source "ChessBase"]
[SourceQuality "1"]
[TimeControl "40/5400+30:1800+30"]

1. e4 g6 2. d4 Bg7 3. Nc3 d6 4. Be3 a6 5. Qd2 Nd7 6. Bd3 b5 7. a4 b4 8. Nce2 c5 9. c3 bxc3 10. bxc3 Qc7 11. Nf3 Rb8 12. h4 Ngf6 13. Ng3 Ng4 14. h5 Nxe3 15. fxe3 Bh6 16. hxg6 hxg6 17. Ng5 Qa5 18. Bc4 e6 19. e5 dxe5 20. N3e4 cxd4 21. exd4 f6 22. Bxe6 fxg5 23. Rxh6 Rxh6 24. Qxg5 Qb6 25. Bxd7+ Bxd7 26. Qxh6 exd4 27. Qh8+ Ke7 28. Qg7+ Kd8 29. Rd1 d3 30. Rxd3 Qg1+ 31. Ke2 Rb2+ 32. Kf3 Qxg2+ 33. Kf4 Qh2+ 34. Ng3 Qh4+ 35. Kf3 Qg4+ 36. Ke3 Qxg3+ 37. Kd4 Qf4+ 38. Kc5 Qc7+ 39. Kd5 Qc6+ 40. Kd4 Qd6+ 41. Ke3 Qe7+ 42. Qxe7+ Kxe7 43. Kf4 Bxa4 44. Re3+ Kd7 45. Ke5 Rb6 46. Rd3+ Kc7 47. Rd4 Bc2 0-1

[Event "Lueneburg Open-A 2019"]
[Site "Lueneburg"]
[Date "2019.08.07"]
[Round "5.27"]
[White "Joppien, Arne"]
[Black "Grote, Dirk"]
[Result "0-1"]
[ECO "D02"]
[WhiteElo "1940"]
[BlackElo "2037"]
[Annotator "NA"]
[PlyCount "112"]
[EventDate "2019.08.03"]
[EventType "swiss"]
[EventCountry "GER"]
[SourceTitle "playchess.com"]
[Source "ChessBase"]
[SourceQuality "1"]
[TimeControl "40/5400+30:1800+30"]

1. d4 d5 2. Nf3 Nf6 3. Bf4 e6 4. e3 Bd6 5. Bg3 O-O 6. c4 c5 7. dxc5 Bxc5 8. cxd5 Qxd5 9. Nc3 Bb4 10. Qc2 Bxc3+ 11. bxc3 b6 12. Rd1 Qa5 13. Bd3 Ba6 14. O-O Nc6 15. Nd4 Rac8 16. Nb3 Bxd3 17. Rxd3 Qa6 18. Qe2 Ne4 19. Rc1 Nxg3 20. hxg3 Ne5 21. Rd2 Qxe2 22. Rxe2 Rfd8 23. Rd2 Rxd2 24. Nxd2 Nd3 25. Rc2 Kf8 26. Kf1 Ke7 27. Ke2 Nb4 28. Rb2 Nd5 29. c4 Nc3+ 30. Ke1 Rc7 31. Rc2 Na4 32. Kd1 h5 33. Nf3 Rxc4 34. Ne5 Rxc2 35. Kxc2 a6 36. f3 Nc5 37. Kc3 f6 38. Ng6+ Kf7 39. Nf4 g6 40. Kb4 e5 41. Nd5 Nd3+ 42. Ka4 Ne1 43. Nxb6 Nxg2 44. Nc4 g5 45. Ka5 h4 46. gxh4 gxh4 47. Nd2 h3 48. Ne4 h2 49. Nf2 Nxe3 50. Kxa6 f5 51. a4 e4 52. fxe4 fxe4 53. Kb5 Nd1 54. Nxd1 h1=Q 55. Nc3 e3 56. a5 Qb7+ 0-1

[Event "Lueneburg Open-A 2019"]
[Site "Lueneburg"]
[Date "2019.08.07"]
[Round "5.28"]
[White "Beuter, Christof"]
[Black "Kosanke, Stefan"]
[Result "1-0"]
[ECO "C19"]
[WhiteElo "1930"]
[BlackElo "2029"]
[Annotator "NA"]
[PlyCount "89"]
[EventDate "2019.08.03"]
[EventType "swiss"]
[EventCountry "GER"]
[SourceTitle "playchess.com"]
[Source "ChessBase"]
[SourceQuality "1"]
[TimeControl "40/5400+30:1800+30"]

1. e4 e6 2. d4 d5 3. Nc3 Bb4 4. e5 c5 5. a3 Bxc3+ 6. bxc3 Nc6 7. Nf3 Nge7 8. Bd3 c4 9. Be2 Qa5 10. O-O Bd7 11. h4 O-O-O 12. Re1 Nf5 13. Bd2 Rdg8 14. h5 h6 15. Nh2 Be8 16. Qc1 Nd8 17. Rb1 Qc7 18. Bf4 Qe7 19. g3 f6 20. Bf3 Qd7 21. exf6 gxf6 22. a4 Nh4 23. Bd1 Nf7 24. Qb2 b6 25. Qb5 Qb7 26. Qb4 e5 27. dxe5 fxe5 28. Bxe5 Nxe5 29. Rxe5 d4 30. Qxc4+ Kb8 31. Qd5 Bc6 32. Qd6+ Ka8 33. Re7 Bd7 34. Nf3 Nxf3+ 35. Bxf3 Qxf3 36. Rxd7 Rb8 37. cxd4 Rhf8 38. Qd5+ Qxd5 39. Rxd5 Rbc8 40. Rc1 Rc4 41. a5 bxa5 42. Rxa5 Rxd4 43. Rca1 Rd2 44. Rxa7+ Kb8 45. Ra8+ 1-0

[Event "Lueneburg Open-A 2019"]
[Site "Lueneburg"]
[Date "2019.08.07"]
[Round "5.29"]
[White "Wobbe, Sven"]
[Black "Doederlein, Etienne"]
[Result "1-0"]
[ECO "B12"]
[WhiteElo "2019"]
[BlackElo "1868"]
[Annotator "NA"]
[PlyCount "27"]
[EventDate "2019.08.03"]
[EventType "swiss"]
[EventCountry "GER"]
[SourceTitle "playchess.com"]
[Source "ChessBase"]
[SourceQuality "1"]
[TimeControl "40/5400+30:1800+30"]

1. e4 c6 2. d4 d5 3. e5 c5 4. dxc5 Nc6 5. Nf3 Bg4 6. Nbd2 e6 7. h3 Bxf3 8. Nxf3 Bxc5 9. Bd3 Nge7 10. O-O O-O 11. Bxh7+ Kxh7 12. Ng5+ Kg6 13. Qg4 f5 14. exf6 1-0

[Event "Lueneburg Open-A 2019"]
[Site "Lueneburg"]
[Date "2019.08.07"]
[Round "5.30"]
[White "Anderberg, Peter"]
[Black "Rothenberg, Jannik"]
[Result "1-0"]
[ECO "A43"]
[WhiteElo "2014"]
[BlackElo "1859"]
[Annotator "NA"]
[PlyCount "63"]
[EventDate "2019.08.03"]
[EventType "swiss"]
[EventCountry "GER"]
[SourceTitle "playchess.com"]
[Source "ChessBase"]
[SourceQuality "1"]
[TimeControl "40/5400+30:1800+30"]

1. d4 c5 2. d5 d6 3. c4 g6 4. e4 Bg7 5. Qc2 e6 6. Nf3 Ne7 7. Nc3 O-O 8. Bg5 exd5 9. Nxd5 Nbc6 10. Nf6+ Kh8 11. O-O-O Qa5 12. a3 Be6 13. h4 h5 14. Rxd6 Rad8 15. Rxd8 Rxd8 16. Be2 Qc7 17. Nd5 Qd7 18. Rd1 Bxd5 19. exd5 Nd4 20. Nxd4 Bxd4 21. Bxh5 Re8 22. Bf3 Nf5 23. g4 Nd6 24. h5 gxh5 25. Rxd4 cxd4 26. Bf6+ Kg8 27. Qd2 Ne4 28. Bxe4 Qxg4 29. f3 Qg1+ 30. Kc2 Rxe4 31. fxe4 Qg6 32. Qg5 1-0

[Event "Lueneburg Open-A 2019"]
[Site "Lueneburg"]
[Date "2019.08.07"]
[Round "5.31"]
[White "Ziese, Gerhard"]
[Black "Reuker, Matthias"]
[Result "1/2-1/2"]
[ECO "D30"]
[WhiteElo "1897"]
[BlackElo "2012"]
[Annotator "NA"]
[PlyCount "104"]
[EventDate "2019.08.03"]
[EventType "swiss"]
[EventCountry "GER"]
[SourceTitle "playchess.com"]
[Source "ChessBase"]
[SourceQuality "1"]
[TimeControl "40/5400+30:1800+30"]

1. d4 Nf6 2. c4 e6 3. Nf3 d5 4. e3 Nbd7 5. Bd3 c5 6. O-O dxc4 7. Bxc4 Qc7 8. Qe2 a6 9. a4 Be7 10. Nc3 O-O 11. e4 cxd4 12. Nxd4 b6 13. Bxe6 fxe6 14. Nxe6 Qc6 15. Nxf8 Nxf8 16. Bf4 Bb7 17. Rac1 Qe6 18. f3 Ng6 19. Be3 Ne5 20. Rfd1 Rc8 21. Nd5 Bd8 22. Rxc8 Bxc8 23. Nf4 Qe8 24. Qc2 Bd7 25. b3 b5 26. axb5 Bxb5 27. Qc8 Nc6 28. e5 Ba5 29. Qxe8+ Nxe8 30. e6 Nc7 31. h4 g6 32. Bc5 Bb4 33. Bxb4 Nxb4 34. Rd8+ Ne8 35. Nd5 Nxd5 36. Rxd5 Kf8 37. Rd7 Ng7 38. Rf7+ Kg8 39. Rf6 Nh5 40. Rf7 Ng7 41. Rf6 Ne8 42. Rf7 Nd6 43. Ra7 Nf5 44. h5 gxh5 45. Rd7 Ng7 46. Rd8+ Ne8 47. Rd7 h6 48. Kh2 Ng7 49. Rd8+ Kh7 50. e7 Kg6 51. Rf8 Ne8 52. Kh3 Ng7 1/2-1/2

[Event "Lueneburg Open-A 2019"]
[Site "Lueneburg"]
[Date "2019.08.07"]
[Round "5.32"]
[White "Darpan, Inani"]
[Black "Hommer, Jeremy"]
[Result "1/2-1/2"]
[ECO "C10"]
[WhiteElo "1956"]
[BlackElo "2083"]
[Annotator "NA"]
[PlyCount "62"]
[EventDate "2019.08.03"]
[EventType "swiss"]
[EventCountry "GER"]
[SourceTitle "playchess.com"]
[Source "ChessBase"]
[SourceQuality "1"]
[TimeControl "40/5400+30:1800+30"]

1. e4 e6 2. d4 d5 3. Nd2 dxe4 4. Nxe4 Bd7 5. Nf3 Bc6 6. Ng3 Nd7 7. Bd3 Ngf6 8. Qe2 Bxf3 9. Qxf3 c6 10. c3 Be7 11. a4 O-O 12. O-O Rc8 13. a5 Nd5 14. Re1 N7f6 15. Bd2 Qc7 16. Nh5 c5 17. dxc5 Qxc5 18. Nxf6+ Bxf6 19. g3 Rfd8 20. h4 Rd7 21. h5 Ne7 22. Bf4 e5 23. Bc1 Rcd8 24. Be4 Qb5 25. h6 b6 26. Kg2 Rd6 27. hxg7 Bxg7 28. Bg5 Qd7 29. Rh1 h6 30. Bxe7 Qxe7 31. Qg4 Qg5 1/2-1/2

[Event "Lueneburg Open-A 2019"]
[Site "Lueneburg"]
[Date "2019.08.07"]
[Round "5.33"]
[White "Wunderlich, Matthias"]
[Black "Wozny, Michael"]
[Result "1/2-1/2"]
[ECO "A00"]
[WhiteElo "1792"]
[BlackElo "1942"]
[Annotator "NA"]
[PlyCount "89"]
[EventDate "2019.08.03"]
[EventType "swiss"]
[EventCountry "GER"]
[SourceTitle "playchess.com"]
[Source "ChessBase"]
[SourceQuality "1"]
[TimeControl "40/5400+30:1800+30"]

1. Nc3 d5 2. e4 dxe4 3. Nxe4 Nf6 4. Ng3 Nc6 5. Nf3 g6 6. Bc4 Bg7 7. O-O O-O 8. d4 Bg4 9. c3 e5 10. Be2 Bxf3 11. Bxf3 exd4 12. Bxc6 bxc6 13. cxd4 Nd5 14. Ne2 Qd7 15. b3 Rfe8 16. Ba3 Re4 17. Bc5 h5 18. Qc2 Re6 19. Nc3 Bf8 20. Na4 Bd6 21. Rac1 Bf4 22. Rce1 Nb6 23. Nb2 Rae8 24. Rxe6 Rxe6 25. Nd3 Bd6 26. Qd2 Rf6 27. Re1 Kg7 28. Qg5 Rf5 29. Qe3 Nd5 30. Qc1 Nf4 31. Nxf4 Rxf4 32. Bxa7 Qf5 33. Qe3 Rh4 34. h3 Bf4 35. Qc3 Bg5 36. Bc5 Bf6 37. Qe3 Qd5 38. Qg3 Qd8 39. Qe3 Bg5 40. Qe2 Bf6 41. Be7 Qxd4 42. Bxf6+ Qxf6 43. Qe5 Rd4 44. Qxc7 Rd2 45. Qa7 1/2-1/2

[Event "Lueneburg Open-A 2019"]
[Site "Lueneburg"]
[Date "2019.08.07"]
[Round "5.34"]
[White "Berres, Eric"]
[Black "Fischer, Thomas"]
[Result "1-0"]
[ECO "A10"]
[WhiteElo "1890"]
[BlackElo "2106"]
[Annotator "ChessBase"]
[PlyCount "111"]
[EventDate "2019.08.03"]
[EventType "swiss"]
[EventCountry "GER"]
[SourceTitle "playchess.com"]
[Source "ChessBase"]
[SourceQuality "1"]
[TimeControl "40/5400+30:1800+30"]

1. c4 f5 2. b3 Nf6 3. Bb2 g6 4. Bxf6 exf6 5. e3 b6 6. Be2 Qe7 7. Bf3 c6 8. Ne2 Na6 9. d4 Bh6 10. Nbc3 Bb7 11. a3 O-O 12. O-O d6 13. d5 c5 14. Nf4 Nc7 15. Qd3 a6 16. Rad1 Rfb8 17. Ne6 Bc8 18. Ne2 Ra7 19. N2f4 b5 20. Be2 Ne8 21. h4 Rab7 22. Rb1 Bd7 23. g4 bxc4 24. bxc4 Rxb1 25. Rxb1 Rxb1+ 26. Qxb1 Bxf4 27. Nxf4 fxg4 28. Qb7 g3 29. h5 Kf7 30. Ne6 gxf2+ 31. Kxf2 f5 32. Bf3 Nf6 33. h6 Bxe6 34. dxe6+ Kxe6 35. Bd5+ Nxd5 36. cxd5+ Kf6 37. Qxa6 Qe5 38. Qb7 Qh2+ 39. Kf3 Qxh6 40. Qb2+ Kf7 41. Qb7+ Kg8 42. Qc8+ Qf8 43. Qe6+ Kg7 44. a4 g5 45. a5 f4 46. e4 Qd8 47. a6 Qc7 48. Kg4 h6 49. Kf5 f3 50. Qf6+ Kg8 51. Qg6+ Kh8 52. Qxh6+ Kg8 53. Qg6+ Kf8 54. Qf6+ Ke8 55. a7 Qxa7 56. Qh8+ 1-0

[Event "Lueneburg Open-A 2019"]
[Site "Lueneburg"]
[Date "2019.08.07"]
[Round "5.35"]
[White "Wirries, Frank-Michael"]
[Black "Prasse, Philipp"]
[Result "0-1"]
[ECO "B13"]
[WhiteElo "1858"]
[BlackElo "2003"]
[Annotator "NA"]
[PlyCount "40"]
[EventDate "2019.08.03"]
[EventType "swiss"]
[EventCountry "GER"]
[SourceTitle "playchess.com"]
[Source "ChessBase"]
[SourceQuality "1"]
[TimeControl "40/5400+30:1800+30"]

1. e4 c6 2. d4 d5 3. exd5 cxd5 4. c4 Nf6 5. Nc3 Nc6 6. Bg5 Ne4 7. Bf4 e6 8. Nf3 Bb4 9. Qc2 Qa5 10. Bd2 Nxd2 11. Qxd2 O-O 12. Bd3 e5 13. cxd5 exd4 14. O-O dxc3 15. Qg5 Be7 16. b4 Bxg5 17. bxa5 Nb4 18. Bb5 Bf6 19. d6 Rd8 20. Rfe1 Nc2 0-1

[Event "Lueneburg Open-A 2019"]
[Site "Lueneburg"]
[Date "2019.08.07"]
[Round "5.36"]
[White "Nielsen, Joerg"]
[Black "Buchaeckert, Juergen"]
[Result "1/2-1/2"]
[ECO "D71"]
[WhiteElo "2000"]
[BlackElo "1839"]
[Annotator "NA"]
[PlyCount "89"]
[EventDate "2019.08.03"]
[EventType "swiss"]
[EventCountry "GER"]
[SourceTitle "playchess.com"]
[Source "ChessBase"]
[SourceQuality "1"]
[TimeControl "40/5400+30:1800+30"]

1. d4 Nf6 2. c4 g6 3. Nc3 d5 4. cxd5 Nxd5 5. g3 Bg7 6. Bg2 Nb6 7. e3 O-O 8. Nge2 Nc6 9. O-O a5 10. b3 Bg4 11. h3 Bxe2 12. Qxe2 a4 13. Bd2 Re8 14. Rfc1 e6 15. Nb5 axb3 16. axb3 Rxa1 17. Rxa1 Qd7 18. Rc1 Ra8 19. Qd3 Ra2 20. Be1 h5 21. Qb1 Ra6 22. h4 Nc8 23. Bf1 Ra8 24. Qc2 Nd6 25. Nxd6 cxd6 26. Bb5 Rc8 27. Qd3 d5 28. Ba5 Bf8 29. Qd2 Qd6 30. Bb6 Qb8 31. Kg2 Be7 32. Bd3 Kg7 33. Ra1 Kh7 34. Ra4 Kg7 35. Bb1 Kh7 36. Qe2 Kg7 37. e4 dxe4 38. Qxe4 Qd6 39. Qf3 Bf6 40. Bc5 Qd8 41. Be4 Nxd4 42. Bxd4 Bxd4 43. Qd3 Bb6 44. Qxd8 Rxd8 45. Ra2 1/2-1/2

[Event "Lueneburg Open-A 2019"]
[Site "Lueneburg"]
[Date "2019.08.07"]
[Round "5.37"]
[White "Britsch, Benjamin"]
[Black "Bosselmann, Tom Linus"]
[Result "0-1"]
[ECO "E81"]
[WhiteElo "1835"]
[BlackElo "2000"]
[Annotator "NA"]
[PlyCount "84"]
[EventDate "2019.08.03"]
[EventType "swiss"]
[EventCountry "GER"]
[SourceTitle "playchess.com"]
[Source "ChessBase"]
[SourceQuality "1"]
[TimeControl "40/5400+30:1800+30"]

1. d4 g6 2. c4 Nf6 3. Nc3 Bg7 4. e4 d6 5. Bg5 Nbd7 6. f3 O-O 7. Qd2 c5 8. d5 a6 9. Nh3 Qa5 10. Nf2 Rb8 11. a4 Re8 12. Ra3 e6 13. dxe6 Rxe6 14. Be2 Ne5 15. f4 Nc6 16. f5 Re8 17. Bxf6 Bxf6 18. Qxd6 Bxc3+ 19. Rxc3 Bxf5 20. exf5 Nd4 21. Ne4 Nxe2 22. Nf6+ Kh8 23. Nxe8 Rxe8 24. Qd7 Re4 25. Qc8+ Kg7 26. f6+ Kxf6 27. Qh8+ Ke7 28. Kf2 Nxc3 29. bxc3 Qxa4 30. Rf1 Rf4+ 31. Kg1 Rxf1+ 32. Kxf1 Qxc4+ 33. Kg1 Qe6 34. h3 Qf6 35. Qc8 Qxc3 36. Qxb7+ Kf8 37. Qxa6 Qd4+ 38. Kh1 c4 39. Qc8+ Kg7 40. g4 h6 41. h4 Qe4+ 42. Kh2 Qe6 0-1

[Event "Lueneburg Open-A 2019"]
[Site "Lueneburg"]
[Date "2019.08.08"]
[Round "6.1"]
[White "Ertan, Can"]
[Black "Kollars, Dmitrij"]
[Result "1/2-1/2"]
[ECO "C90"]
[WhiteElo "2396"]
[BlackElo "2581"]
[Annotator "ChessBase"]
[PlyCount "96"]
[EventDate "2019.08.03"]
[EventType "swiss"]
[EventCountry "GER"]
[SourceTitle "playchess.com"]
[Source "ChessBase"]
[SourceQuality "1"]
[TimeControl "40/5400+30:1800+30"]

1. e4 e5 2. Nf3 Nc6 3. Bb5 a6 4. Ba4 Nf6 5. O-O Be7 6. Re1 b5 7. Bb3 d6 8. a4 Bd7 9. Nc3 Na5 10. Ba2 b4 11. Nd5 Nxd5 12. Bxd5 c6 13. Ba2 O-O 14. c3 Rb8 15. d4 exd4 16. cxd4 b3 17. Bb1 c5 18. h3 cxd4 19. Qxd4 Be6 20. Qd3 Bc4 21. Qe3 Bf6 22. Rd1 Re8 23. Bd3 Qc8 24. Bd2 Bxd3 25. Qxd3 Bxb2 26. Bxa5 Bxa1 27. Rxa1 Qc2 28. Ne1 Qxd3 29. Nxd3 Rxe4 30. Nb2 Re2 31. Rb1 Rc2 32. Kf1 d5 33. Nd3 Rc4 34. Nb2 Rc2 35. Nd3 f6 36. Nb4 Rc4 37. Rxb3 d4 38. g3 d3 39. Rxd3 Rcxb4 40. Bxb4 Rxb4 41. a5 Rb5 42. Ra3 Kf7 43. h4 h5 44. Kg2 Ke6 45. f3 f5 46. Kf2 Re5 47. Ra4 g6 48. g4 fxg4 1/2-1/2

[Event "Lueneburg Open-A 2019"]
[Site "Lueneburg"]
[Date "2019.08.08"]
[Round "6.2"]
[White "Carlstedt, Jonathan"]
[Black "Ovsejevitsch, Sergei"]
[Result "0-1"]
[ECO "A46"]
[WhiteElo "2408"]
[BlackElo "2590"]
[Annotator "ChessBase"]
[PlyCount "66"]
[EventDate "2019.08.03"]
[EventType "swiss"]
[EventCountry "GER"]
[SourceTitle "playchess.com"]
[Source "ChessBase"]
[SourceQuality "1"]
[TimeControl "40/5400+30:1800+30"]

1. d4 Nf6 2. Nf3 e6 3. Bf4 b5 4. e4 Nxe4 5. Bxb5 Bb7 6. O-O Bd6 7. Bxd6 cxd6 8. c4 O-O 9. Qd3 Qa5 10. a3 d5 11. cxd5 Bxd5 12. b4 Qb6 13. Nbd2 Nxd2 14. Nxd2 a5 15. bxa5 Rxa5 16. a4 Nc6 17. Nc4 Bxc4 18. Qxc4 Nxd4 19. Bxd7 Rg5 20. Rab1 Qa7 21. Bc6 Rc8 22. Rfd1 Rg4 23. Rb4 Rxc6 24. Qxc6 Nxc6 25. Rxg4 h5 26. Rc4 Ne7 27. Rb1 Nd5 28. g3 Qa5 29. Ra1 g5 30. h4 g4 31. Rd1 Kg7 32. Ra1 Ne7 33. Rd1 Ng6 0-1

[Event "Lueneburg Open-A 2019"]
[Site "Lueneburg"]
[Date "2019.08.08"]
[Round "6.3"]
[White "Buchenau, Frank"]
[Black "Vorobiov, Evgeny E."]
[Result "0-1"]
[ECO "B21"]
[WhiteElo "2294"]
[BlackElo "2578"]
[Annotator "ChessBase"]
[PlyCount "64"]
[EventDate "2019.08.03"]
[EventType "swiss"]
[EventCountry "GER"]
[SourceTitle "playchess.com"]
[Source "ChessBase"]
[SourceQuality "1"]
[TimeControl "40/5400+30:1800+30"]

1. e4 c5 2. d3 Nc6 3. f4 d5 4. Be2 g6 5. Nf3 Bg7 6. O-O Nf6 7. e5 Ng4 8. h3 Nh6 9. Be3 d4 10. Bf2 f6 11. exf6 exf6 12. c3 O-O 13. b4 cxb4 14. Qb3+ Kh8 15. cxb4 Nf5 16. b5 Nce7 17. Re1 Nd5 18. Nxd4 Nxd4 19. Bxd4 Nxf4 20. Qb4 a5 21. bxa6 bxa6 22. Bf1 Rb8 23. Qc3 Ne6 24. Bf2 f5 25. d4 f4 26. Rd1 f3 27. Na3 fxg2 28. Bxg2 Nf4 29. Bf1 Bxh3 30. Bxa6 Rb2 31. Qg3 Bc8 32. Bf1 Rxf2 0-1

[Event "Lueneburg Open-A 2019"]
[Site "Lueneburg"]
[Date "2019.08.08"]
[Round "6.4"]
[White "Sebastian, Dirk"]
[Black "Poeck, Ole"]
[Result "1/2-1/2"]
[ECO "C55"]
[WhiteElo "2453"]
[BlackElo "2259"]
[Annotator "ChessBase"]
[PlyCount "53"]
[EventDate "2019.08.03"]
[EventType "swiss"]
[EventCountry "GER"]
[SourceTitle "playchess.com"]
[Source "ChessBase"]
[SourceQuality "1"]
[TimeControl "40/5400+30:1800+30"]

1. e4 e5 2. Nf3 Nc6 3. Bc4 Nf6 4. d3 h6 5. c3 d6 6. Bb3 g6 7. O-O Bg7 8. Re1 O-O 9. Nbd2 d5 10. exd5 Nxd5 11. Nc4 Re8 12. Ba4 f6 13. Bc2 Kh7 14. d4 exd4 15. Rxe8 Qxe8 16. cxd4 Bg4 17. Ne3 Bxf3 18. gxf3 Nf4 19. Kh1 Qd7 20. Nf5 Nd5 21. Nxg7 Kxg7 22. Be3 Qh3 23. Be4 Rd8 24. Qb3 Nce7 25. f4 Qe6 26. Bg2 b6 27. Rc1 1/2-1/2

[Event "Lueneburg Open-A 2019"]
[Site "Lueneburg"]
[Date "2019.08.08"]
[Round "6.5"]
[White "Lubbe, Melanie"]
[Black "Feuerstack, Aljoscha"]
[Result "0-1"]
[ECO "B15"]
[WhiteElo "2258"]
[BlackElo "2441"]
[Annotator "ChessBase"]
[PlyCount "148"]
[EventDate "2019.08.03"]
[EventType "swiss"]
[EventCountry "GER"]
[SourceTitle "playchess.com"]
[Source "ChessBase"]
[SourceQuality "1"]
[TimeControl "40/5400+30:1800+30"]

1. e4 c6 2. d4 d5 3. Nc3 dxe4 4. Nxe4 Nf6 5. Nxf6+ exf6 6. c3 Bd6 7. Bd3 O-O 8. Ne2 Re8 9. O-O Nd7 10. Bf4 Nf8 11. Bxd6 Qxd6 12. Ng3 g6 13. Ne4 Qd8 14. Re1 Be6 15. Qf3 f5 16. Nc5 Bd5 17. Rxe8 Qxe8 18. Qg3 Qb8 19. Re1 Ne6 20. Nxe6 Qxg3 21. hxg3 Bxe6 22. a3 Rd8 23. Re5 b6 24. Be2 Kg7 25. Bf3 Rd6 26. b4 Kf6 27. a4 Bd7 28. Re1 g5 29. a5 bxa5 30. bxa5 g4 31. Be2 Re6 32. Kf1 c5 33. dxc5 Bc6 34. Rd1 Ke7 35. Rb1 Re5 36. a6 Kd7 37. Bb5 Rxc5 38. Bxc6+ Rxc6 39. Rb7+ Rc7 40. Rb3 Rc6 41. Rb7+ Rc7 42. Rb3 Ke6 43. Ke2 Rc6 44. Ra3 Rc5 45. Kd3 h5 46. c4 f4 47. Kd4 Rf5 48. c5 Rd5+ 49. Kc4 Rd2 50. gxf4 h4 51. Ra1 Rxf2 52. Rh1 Rxf4+ 53. Kb5 Rf2 54. Re1+ Kf6 55. c6 Rxg2 56. Rc1 Rb2+ 57. Kc5 Rb8 58. c7 Rc8 59. Kc6 h3 60. Rh1 Kg5 61. Kb7 Rxc7+ 62. Kxc7 Kh4 63. Kb7 g3 64. Rf1 g2 65. Rxf7 h2 66. Rh7+ Kg3 67. Rg7+ Kf4 68. Rxg2 h1=Q 69. Kxa7 Qxg2 70. Kb8 Qb2+ 71. Ka8 Qc3 72. Kb7 Qb4+ 73. Ka8 Qc4 74. Kb7 Qb5+ 0-1

[Event "Lueneburg Open-A 2019"]
[Site "Lueneburg"]
[Date "2019.08.08"]
[Round "6.6"]
[White "Weishaeutel, Moritz"]
[Black "Sriram, Jha"]
[Result "0-1"]
[ECO "B72"]
[WhiteElo "2276"]
[BlackElo "2381"]
[Annotator "NA"]
[PlyCount "86"]
[EventDate "2019.08.03"]
[EventType "swiss"]
[EventCountry "GER"]
[SourceTitle "playchess.com"]
[Source "ChessBase"]
[SourceQuality "1"]
[TimeControl "40/5400+30:1800+30"]

1. e4 c5 2. Nf3 d6 3. d4 cxd4 4. Nxd4 Nf6 5. Nc3 g6 6. Be3 Bg7 7. Be2 O-O 8. Qd2 Nc6 9. O-O-O Nxd4 10. Bxd4 Qa5 11. h4 Be6 12. Qg5 Qxg5+ 13. hxg5 Nd7 14. Nd5 Bxd5 15. exd5 f6 16. Bb5 Ne5 17. f4 a6 18. Be2 Nf7 19. gxf6 exf6 20. Bg4 f5 21. Bxg7 Kxg7 22. Bf3 Rac8 23. Rhe1 Rc4 24. g3 Rfc8 25. Rd2 R8c7 26. Re6 b5 27. Rde2 h5 28. Re7 Rxe7 29. Rxe7 h4 30. Be2 Ra4 31. b3 hxg3 32. Bc4 Rxa2 33. Kb1 Ra5 34. Bf1 b4 35. Bg2 Rc5 36. Kc1 g5 37. fxg5 Kg6 38. Re3 Rc3 39. Re7 Nxg5 40. Rd7 Nf7 41. Re7 f4 42. Be4+ Kg7 43. Re6 Ne5 0-1

[Event "Lueneburg Open-A 2019"]
[Site "Lueneburg"]
[Date "2019.08.08"]
[Round "6.7"]
[White "Colpe, Malte"]
[Black "Mueer, Sebastian"]
[Result "1-0"]
[ECO "A40"]
[WhiteElo "2367"]
[BlackElo "2198"]
[Annotator "NA"]
[PlyCount "69"]
[EventDate "2019.08.03"]
[EventType "swiss"]
[EventCountry "GER"]
[SourceTitle "playchess.com"]
[Source "ChessBase"]
[SourceQuality "1"]
[TimeControl "40/5400+30:1800+30"]

1. g3 c5 2. Bg2 g6 3. Nf3 Bg7 4. d4 cxd4 5. Nxd4 d5 6. Nb3 Nf6 7. c4 a5 8. cxd5 a4 9. Nd4 Nxd5 10. O-O O-O 11. Nb5 Ra5 12. N1a3 Be6 13. Qd2 Nc6 14. Rd1 Qb6 15. Nc4 Qxb5 16. Nxa5 Nxa5 17. Bxd5 Rd8 18. e4 a3 19. Rb1 Bxd5 20. exd5 Nc4 21. Qe2 axb2 22. Bxb2 Bxb2 23. Rd4 Rc8 24. Qxe7 Re8 25. Qh4 Na3 26. Rb4 Qxd5 27. R4xb2 Nc4 28. Rb5 Qd3 29. R5b3 Qe2 30. Qf6 b6 31. Rf3 Re7 32. Rc1 b5 33. h4 Qd2 34. Qxe7 Qxc1+ 35. Kg2 1-0

[Event "Lueneburg Open-A 2019"]
[Site "Lueneburg"]
[Date "2019.08.08"]
[Round "6.8"]
[White "Voigt, Martin"]
[Black "Wachinger, David"]
[Result "1/2-1/2"]
[ECO "B51"]
[WhiteElo "2344"]
[BlackElo "2045"]
[Annotator "NA"]
[PlyCount "61"]
[EventDate "2019.08.03"]
[EventType "swiss"]
[EventCountry "GER"]
[SourceTitle "playchess.com"]
[Source "ChessBase"]
[SourceQuality "1"]
[TimeControl "40/5400+30:1800+30"]

1. e4 c5 2. Nf3 d6 3. Bb5+ Nd7 4. d4 cxd4 5. Qxd4 a6 6. Bxd7+ Bxd7 7. Nc3 e6 8. Bg5 Qc7 9. O-O Rc8 10. Rfe1 e5 11. Qd2 h6 12. Bh4 g5 13. Bg3 Nf6 14. Rad1 Be7 15. Nd5 Nxd5 16. exd5 Qxc2 17. Qe3 O-O 18. h4 Qc5 19. Qb3 g4 20. Nd2 b5 21. Ne4 Qc4 22. Qe3 Kh7 23. b3 Qb4 24. a3 Qxa3 25. Ra1 Qb4 26. Rxa6 f5 27. Nxd6 Bxd6 28. Bxe5 f4 29. Qe2 Bxe5 30. Qxe5 Rce8 31. Rxh6+ 1/2-1/2

[Event "Lueneburg Open-A 2019"]
[Site "Lueneburg"]
[Date "2019.08.08"]
[Round "6.9"]
[White "Jahncke, Giso"]
[Black "Koenig, Christian"]
[Result "1-0"]
[ECO "E68"]
[WhiteElo "2325"]
[BlackElo "2026"]
[Annotator "NA"]
[PlyCount "57"]
[EventDate "2019.08.03"]
[EventType "swiss"]
[EventCountry "GER"]
[SourceTitle "playchess.com"]
[Source "ChessBase"]
[SourceQuality "1"]
[TimeControl "40/5400+30:1800+30"]

1. d4 d6 2. Nf3 Nf6 3. c4 g6 4. Nc3 Bg7 5. g3 O-O 6. Bg2 Nbd7 7. O-O e5 8. e4 exd4 9. Nxd4 Re8 10. h3 Nc5 11. Re1 Bd7 12. b4 Ne6 13. Nb3 Qc8 14. c5 Nh5 15. Qd3 dxc5 16. bxc5 h6 17. h4 Nd8 18. Bb2 Nc6 19. Qc2 Bg4 20. Nd5 Ne5 21. f4 Nf3+ 22. Bxf3 Bxf3 23. Bxg7 Qg4 24. Qf2 Kxg7 25. Ne3 Qxg3+ 26. Qxg3 Nxg3 27. Kf2 Nxe4+ 28. Kxf3 Rh8 29. Kxe4 1-0